General information
- name: BNet
- type: Ladder team game (AT/RT)
- host: Battle.net
- saver: DanielCormier
map: BlastedLands
- players: 8
- length: 22:20
- speed: Fast
- version: 1.30 W3XP
- replay type: Public
» download(284 KB)
Players
team 1 (loser)

»
SKYFiRE (
orange | 95 APM | 2110 actions | 22:18)
6 Far Seer
3 Feral Spirit
3 Chain Lighting
4 Tauren Chieftain
2 Endurance Aura
2 War Stomp
» actions
| Assign group hotkey | 402 | |
| Basic commands | 39 | |
| Build / train | 118 | |
| Enter build submenu | 23 | |
| Enter hero's abilities submenu | 10 | |
| Give item / drop item | 1 | |
| Right click | 531 | |
| Select / deselect | 330 | |
| Select group hotkey | 514 | |
| Use ability | 142 | |
2110 total
» units
| Peon | 24 | |
| Grunt | 13 | |
| Troll Witch Doctor | 13 | |
| Demolisher | 2 | |
| Kodo Beast | 2 | |
| Wind Rider | 4 | |
| Troll Headhunter/Berserker | 2 | |
| Tauren | 2 | |
62 total
» upgrades
| Berserker Strength | 1 | |
| Pillage | 1 | |
| Witch Doctor Training | 2 | |
| Reinforced Defenses | 1 | |
| Armor | 2 | |
| War Drums Damage Increase | 1 | |
| Envenomed Spears | 1 | |
| Troll Regeneration | 1 | |
| Berserker Upgrade | 1 | |
| Pulverize | 1 | |
12 total
» buildings
| Altar of Storms | 1 | |
| Orc Burrow | 6 | |
| Barracks | 1 | |
| Voodoo Lounge | 2 | |
| Stronghold | 2 | |
| Great Hall | 2 | |
| War Mill | 1 | |
| Spirit Lodge | 1 | |
| Fortress | 1 | |
| Watch Tower | 7 | |
| Beastiary | 2 | |
| Tauren Totem | 1 | |
27 total
» build order
00:27 Altar of Storms
00:40 Orc Burrow
01:12 Barracks
01:48 Orc Burrow
02:04 Voodoo Lounge
02:29 Voodoo Lounge
03:18 Stronghold
03:18 Stronghold
04:10 Orc Burrow
04:49 Great Hall
05:27 War Mill
05:50 Spirit Lodge
07:18 Orc Burrow
09:13 Fortress
10:04 Watch Tower
10:16 Beastiary
10:46 Watch Tower
12:10 Orc Burrow
12:13 Orc Burrow
12:53 Great Hall
16:10 Tauren Totem
16:40 Watch Tower
16:41 Watch Tower
16:43 Watch Tower
16:45 Watch Tower
16:46 Watch Tower
19:17 Beastiary
» items
| Healing Salve | 4 | |
| Scroll of Speed | 5 | |
| Scroll of Town Portal | 5 | |
| Lesser Clarity Potion | 4 | |
| Potion of Healing | 6 | |
| Potion of Mana | 3 | |
27 total

»
AKIL_AMMAR (
pink | 62 APM | 1349 actions | 21:55)
4 Blademaster
2 Wind Walk
2 Critical Strike
4 Shadow Hunter
2 Hex
2 Healing Wave
» actions
| Assign group hotkey | 76 | |
| Basic commands | 102 | |
| Build / train | 62 | |
| ESC pressed | 1 | |
| Enter build submenu | 12 | |
| Enter hero's abilities submenu | 8 | |
| Give item / drop item | 1 | |
| Right click | 451 | |
| Select / deselect | 196 | |
| Select group hotkey | 349 | |
| Use ability | 91 | |
1349 total
» units
| Peon | 9 | |
| Wind Rider | 8 | |
| Troll Batrider | 12 | |
29 total
» upgrades
| Shaman Training | 1 | |
| Envenomed Spears | 1 | |
| Liquid Fire | 1 | |
| Reinforced Defenses | 1 | |
| Ranged Weapons | 1 | |
5 total
» buildings
| Altar of Storms | 1 | |
| Orc Burrow | 5 | |
| Stronghold | 1 | |
| Voodoo Lounge | 1 | |
| Beastiary | 4 | |
| Spirit Lodge | 1 | |
| Fortress | 2 | |
| War Mill | 1 | |
16 total
» build order
00:08 Altar of Storms
00:12 Orc Burrow
01:55 Stronghold
02:13 Orc Burrow
02:14 Orc Burrow
02:26 Voodoo Lounge
04:23 Beastiary
04:23 Beastiary
04:23 Beastiary
04:37 Beastiary
05:35 Orc Burrow
09:40 Spirit Lodge
11:24 Fortress
11:25 Fortress
16:03 Orc Burrow
16:35 War Mill
» items
| Lesser Clarity Potion | 5 | |
| Healing Salve | 4 | |
| Orb of Lightning | 1 | |
10 total
1FallenNoob1 (
red | 97 APM | 2124 actions | 21:51)
6 Keeper of the Grove
2 Force of Nature
3 Entangling Roots
1 Tranquility
» actions
| Assign group hotkey | 79 | |
| Basic commands | 84 | |
| Build / train | 82 | |
| ESC pressed | 1 | |
| Enter build submenu | 23 | |
| Enter hero's abilities submenu | 6 | |
| Remove unit from queue | 3 | |
| Right click | 695 | |
| Select / deselect | 311 | |
| Select group hotkey | 713 | |
| Use ability | 127 | |
2124 total
» units
| Wisp | 32 | |
| Huntress | 5 | |
| Centaur Outrunner | 1 | |
| Harpy Rogue | 1 | |
| Chimaera | 15 | |
54 total
» upgrades
| Strength of the Moon | 1 | |
| Strength of the Wild | 2 | |
| Corrosive Breath | 1 | |
| Reinforced Hides | 1 | |
5 total
» buildings
| Altar of Elders | 1 | |
| Moon Well | 10 | |
| Hunter's Hall | 1 | |
| Ancient of War | 2 | |
| Tree of Life | 2 | |
| Tree of Ages | 1 | |
| Ancient of Wonders | 1 | |
| Tree of Eternity | 1 | |
| Chimaera Roost | 3 | |
22 total
» build order
00:02 Altar of Elders
00:19 Moon Well
01:51 Hunter's Hall
02:07 Ancient of War
02:17 Moon Well
02:20 Ancient of War
03:22 Moon Well
04:29 Tree of Life
04:57 Moon Well
05:07 Tree of Ages
07:22 Ancient of Wonders
07:23 Moon Well
08:42 Tree of Eternity
10:00 Moon Well
10:11 Moon Well
10:13 Moon Well
10:15 Moon Well
11:21 Chimaera Roost
11:31 Chimaera Roost
12:08 Chimaera Roost
14:10 Tree of Life
15:28 Moon Well
» items
| Lesser Clarity Potion | 3 | |
| Moonstone | 1 | |
| Scroll of Town Portal | 4 | |
| Potion of Healing | 2 | |
| Dust of Appearance | 1 | |
11 total
8============D (
blue | 85 APM | 1864 actions | 22:01)
4 Demon Hunter
2 Immolation
2 Mana Burn
» actions
| Assign group hotkey | 22 | |
| Build / train | 72 | |
| Enter build submenu | 19 | |
| Enter hero's abilities submenu | 5 | |
| Remove unit from queue | 3 | |
| Right click | 923 | |
| Select / deselect | 173 | |
| Select group hotkey | 606 | |
| Use ability | 41 | |
1864 total
» units
| Wisp | 19 | |
| Hippogryph | 18 | |
| Chimaera | 12 | |
49 total
» upgrades
| Strength of the Wild | 2 | |
| Reinforced Hides | 3 | |
| Corrosive Breath | 1 | |
6 total
» buildings
| Tree of Ages | 1 | |
| Moon Well | 7 | |
| Altar of Elders | 1 | |
| Ancient of Wind | 2 | |
| Hunter's Hall | 1 | |
| Tree of Eternity | 1 | |
| Chimaera Roost | 2 | |
| Ancient Protector | 4 | |
| Tree of Life | 1 | |
20 total
» build order
02:38 Tree of Ages
02:45 Moon Well
03:11 Altar of Elders
05:06 Ancient of Wind
05:27 Moon Well
05:32 Hunter's Hall
05:48 Tree of Eternity
06:22 Moon Well
07:43 Moon Well
08:40 Moon Well
08:42 Chimaera Roost
08:44 Chimaera Roost
09:45 Moon Well
10:41 Ancient Protector
11:17 Ancient Protector
12:22 Tree of Life
12:24 Ancient Protector
12:27 Ancient Protector
18:59 Ancient of Wind
19:55 Moon Well
» items
| Healing Salve | 1 | |
| Scroll of Speed | 3 | |
| Scroll of Town Portal | 2 | |
| Potion of Healing | 1 | |
7 total
team 2 (winner)

»
christhormann (
purple | 93 APM | 2074 actions | 22:19)
6 Tauren Chieftain
3 War Stomp
2 Endurance Aura
1 Reincarnation
4 Shadow Hunter
2 Healing Wave
2 Hex
» actions
| Assign group hotkey | 42 | |
| Basic commands | 51 | |
| Build / train | 106 | |
| ESC pressed | 5 | |
| Enter build submenu | 22 | |
| Enter hero's abilities submenu | 11 | |
| Give item / drop item | 3 | |
| Right click | 757 | |
| Select / deselect | 440 | |
| Select group hotkey | 523 | |
| Use ability | 114 | |
2074 total
» units
| Peon | 22 | |
| Grunt | 3 | |
| Tauren | 10 | |
| Shaman | 14 | |
| Troll Witch Doctor | 9 | |
| Spirit Walker | 4 | |
62 total
» upgrades
| Melee Weapons | 3 | |
| Witch Doctor Training | 2 | |
| Pulverize | 1 | |
| Shaman Training | 2 | |
| Armor | 3 | |
| Spirit Walker Training | 2 | |
13 total
» buildings
| Altar of Storms | 1 | |
| Orc Burrow | 8 | |
| Barracks | 1 | |
| Stronghold | 1 | |
| Voodoo Lounge | 1 | |
| Great Hall | 1 | |
| War Mill | 1 | |
| Fortress | 1 | |
| Spirit Lodge | 3 | |
| Tauren Totem | 2 | |
20 total
» build order
00:07 Altar of Storms
00:09 Orc Burrow
00:44 Barracks
01:26 Orc Burrow
02:53 Stronghold
03:10 Voodoo Lounge
03:40 Great Hall
04:34 Orc Burrow
05:03 War Mill
05:21 Fortress
05:41 Orc Burrow
06:36 Spirit Lodge
06:40 Spirit Lodge
07:01 Spirit Lodge
07:05 Tauren Totem
08:58 Orc Burrow
08:58 Orc Burrow
09:48 Orc Burrow
10:52 Orc Burrow
16:21 Tauren Totem
» items
| Healing Salve | 4 | |
| Lesser Clarity Potion | 3 | |
| Scroll of Speed | 1 | |
| Scroll of Town Portal | 3 | |
| Orb of Lightning | 1 | |
12 total
DanielCormier (
teal | 156 APM | 3475 actions | 22:20)
5 Blademaster
2 Wind Walk
3 Critical Strike
3 Shadow Hunter
2 Hex
1 Healing Wave
» actions
| Assign group hotkey | 30 | |
| Basic commands | 210 | |
| Build / train | 76 | |
| ESC pressed | 1 | |
| Enter build submenu | 18 | |
| Enter hero's abilities submenu | 8 | |
| Give item / drop item | 1 | |
| Right click | 1808 | |
| Select / deselect | 623 | |
| Select group hotkey | 566 | |
| Use ability | 134 | |
3475 total
» units
| Peon | 18 | |
| Troll Headhunter/Berserker | 4 | |
| Troll Batrider | 15 | |
| Wind Rider | 5 | |
42 total
» upgrades
| Reinforced Defenses | 1 | |
| Envenomed Spears | 1 | |
| Armor | 1 | |
3 total
» buildings
| Altar of Storms | 1 | |
| Orc Burrow | 4 | |
| War Mill | 1 | |
| Barracks | 1 | |
| Voodoo Lounge | 1 | |
| Stronghold | 1 | |
| Great Hall | 4 | |
| Beastiary | 2 | |
| Fortress | 1 | |
| Watch Tower | 3 | |
19 total
» build order
00:03 Altar of Storms
00:05 Orc Burrow
00:23 War Mill
01:04 Barracks
01:49 Voodoo Lounge
02:22 Orc Burrow
02:24 Orc Burrow
03:37 Stronghold
03:59 Orc Burrow
04:57 Great Hall
06:03 Beastiary
06:04 Beastiary
09:11 Fortress
11:58 Watch Tower
12:49 Watch Tower
14:10 Watch Tower
16:19 Great Hall
18:38 Great Hall
18:39 Great Hall
» items
| Healing Salve | 4 | |
| Lesser Clarity Potion | 8 | |
| Orb of Lightning | 1 | |
| Potion of Mana | 2 | |
| Scroll of Town Portal | 2 | |
| Potion of Healing | 2 | |
19 total

»
Treeofnodespair (
green | 54 APM | 1206 actions | 22:19)
4 Death Knight
2 Death Coil
2 Unholy Aura
3 Dreadlord
1 Sleep
2 Vampiric Aura
» actions
| Build / train | 57 | |
| Enter build submenu | 24 | |
| Enter hero's abilities submenu | 7 | |
| Right click | 749 | |
| Select / deselect | 318 | |
| Use ability | 51 | |
1206 total
» units
| Acolyte | 13 | |
| Ghoul | 3 | |
| Crypt Fiend | 10 | |
| Frost Wyrm | 5 | |
31 total
» upgrades
| Creature Attack | 2 | |
| Web | 1 | |
| Creature Carapace | 1 | |
4 total
» buildings
| Crypt | 1 | |
| Ziggurat | 10 | |
| Graveyard | 1 | |
| Altar of Darkness | 1 | |
| Halls of the Dead | 1 | |
| Tomb of Relics | 1 | |
| Necropolis | 1 | |
| Black Citadel | 1 | |
| Sacrificial Pit | 1 | |
| Nerubian Tower | 1 | |
| Spirit Tower | 4 | |
| Boneyard | 3 | |
26 total
» build order
00:25 Crypt
00:29 Ziggurat
00:45 Graveyard
01:00 Altar of Darkness
01:18 Ziggurat
02:53 Halls of the Dead
03:53 Tomb of Relics
04:55 Necropolis
05:23 Black Citadel
07:09 Ziggurat
07:13 Sacrificial Pit
08:02 Ziggurat
08:06 Nerubian Tower
09:59 Ziggurat
10:03 Ziggurat
10:55 Spirit Tower
10:56 Spirit Tower
11:00 Ziggurat
11:37 Ziggurat
11:39 Ziggurat
11:54 Boneyard
11:57 Boneyard
12:00 Boneyard
12:29 Spirit Tower
12:33 Spirit Tower
14:29 Ziggurat
» items
| Scroll of Town Portal | 4 | |
| Scroll of Healing | 1 | |
| Orb of Corruption | 1 | |
6 total

»
Pythol (
yellow | 79 APM | 1771 actions | 22:19)
4 Paladin
2 Holy Light
1 Divine Shield
1 Devotion Aura
3 Mountain King
2 Storm Bolt
1 Thunder Clap
» actions
| Assign group hotkey | 31 | |
| Build / train | 87 | |
| Enter build submenu | 17 | |
| Enter hero's abilities submenu | 7 | |
| Remove unit from queue | 2 | |
| Right click | 865 | |
| Select / deselect | 253 | |
| Select group hotkey | 424 | |
| Use ability | 85 | |
1771 total
» units
| Peasant | 15 | |
| Footman | 3 | |
| Rifleman | 14 | |
| Sorceress | 9 | |
| Priest | 4 | |
45 total
» upgrades
| Masonry | 2 | |
| Long Rifles | 1 | |
| Gunpowder | 3 | |
| Armor | 3 | |
| Sorceress Training | 2 | |
| Priest Training | 2 | |
13 total
» buildings
| Barracks | 1 | |
| Farm | 14 | |
| Altar of Kings | 1 | |
| Lumber Mill | 1 | |
| Scout Tower | 11 | |
| Arcane Vault | 1 | |
| Arcane Tower | 3 | |
| Town Hall | 1 | |
| Keep | 1 | |
| Guard Tower | 5 | |
| Blacksmith | 1 | |
| Arcane Sanctum | 2 | |
| Castle | 1 | |
43 total
» build order
00:23 Barracks
00:41 Farm
00:43 Farm
00:58 Altar of Kings
01:21 Lumber Mill
01:36 Farm
01:52 Scout Tower
01:58 Arcane Vault
02:17 Farm
02:26 Arcane Tower
02:26 Arcane Tower
03:34 Farm
03:36 Farm
04:16 Town Hall
04:21 Scout Tower
04:21 Scout Tower
04:25 Scout Tower
04:26 Scout Tower
04:55 Keep
05:00 Arcane Tower
05:02 Guard Tower
05:02 Guard Tower
05:41 Blacksmith
05:47 Scout Tower
05:48 Scout Tower
05:49 Scout Tower
05:49 Scout Tower
05:51 Scout Tower
05:51 Scout Tower
05:55 Guard Tower
06:49 Guard Tower
07:26 Arcane Sanctum
07:33 Arcane Sanctum
08:48 Castle
09:53 Guard Tower
11:26 Farm
11:27 Farm
11:29 Farm
11:30 Farm
11:31 Farm
11:33 Farm
11:34 Farm
11:35 Farm
» items
| Potion of Healing | 3 | |
| Lesser Clarity Potion | 1 | |
| Scroll of Town Portal | 2 | |
| Scroll of Regeneration | 2 | |
| Orb of Fire | 1 | |
9 total
Chat log
(00:13 / All) 1FallenNoob1: HELLO MY NAME IS STAN AND IM AN ALCOHOLIC
(00:25 / All) 1FallenNoob1: WILL ANYONE BE MY FRIEND?
(00:34 / All) Treeofnodespair: thats mean]
(00:35 / All) DanielCormier: :)
(00:49 / All) Treeofnodespair: leave stan alone
(01:03 / All) 1FallenNoob1: IM 33 Y.O. old
(01:09 / All) 1FallenNoob1: im unemployed
(01:10 / All) SKYFiRE: im a 12yo nigger
(01:12 / All) Treeofnodespair: are u gay
(01:13 / All) 1FallenNoob1: got fired from walmart
(01:20 / All) 1FallenNoob1: and my ex wife took the kids
(01:22 / All) 1FallenNoob1: got the custody
(01:26 / All) DanielCormier: hes not kidding prolly
(01:26 / All) SKYFiRE: im a gay 12yo nigger who fucks peoples wives for a living
(01:28 / All) 1FallenNoob1: can anyone hook me up w/ a job in NJ USA area?
(01:38 / All) christhormann: i can actually
(01:40 / All) christhormann: =)
(01:42 / All) Treeofnodespair: im looking
(01:42 / All) 1FallenNoob1: what kind?
(01:44 / All) SKYFiRE: i can if u let me fuk ur mom
(01:45 / All) Treeofnodespair: $100 a night
(01:57 / All) 1FallenNoob1: Walmart used to pay me $10 an hour
(01:58 / All) christhormann: north or south
(02:02 / All) 1FallenNoob1: ill take anything equivalent
(02:04 / All) 1FallenNoob1: or better
(02:09 / All) Treeofnodespair: dudes
(02:12 / All) Treeofnodespair: im very good looking
(02:57 / Allies) Treeofnodespair: he stching
(02:58 / Allies) Treeofnodespair: teching
(03:12 / Allies) Treeofnodespair: cam i help chris
(03:55 / All) SKYFiRE: chunts into chimps
(04:34 / Allies) Treeofnodespair: ty
(04:41 / Allies) DanielCormier: 9 armor bm
(04:41 / Allies) DanielCormier: LOL
(04:49 / Allies) Treeofnodespair: how
(05:29 / Allies) Treeofnodespair: atk?
(05:38 / All) 1FallenNoob1: CAN ANYONE HOOK ME UP WITH A JOB
(05:38 / Allies) Treeofnodespair: waiyt
(05:40 / Allies) Treeofnodespair: 30 sec
(05:41 / All) 1FallenNoob1: I CANT PAY MY CHILD SUPPORT
(05:42 / All) 1FallenNoob1: ANYONE?!
(05:43 / All) 8============D: ...
(05:45 / All) 8============D: lol
(05:46 / All) SKYFiRE: ya i can hook you up with my mom
(05:51 / All) 8============D: hahaha
(05:52 / All) 1FallenNoob1: I NEED A JOB MAN
(05:54 / All) Treeofnodespair: hook up with me
(05:56 / All) 1FallenNoob1: MOMS GOT ME
(05:58 / All) SKYFiRE: u got to fuck her 8 times a day
(06:00 / All) 1FallenNoob1: IN TROUBLE WITH CHILD SUPPORT
(06:23 / Allies) DanielCormier: hitnexpo
(06:49 / Allies) Treeofnodespair: c,onig
(09:01 / Allies) Treeofnodespair: o no
(09:52 / Allies) christhormann: wood
(10:05 / All) 1FallenNoob1: CAN YALL HOOK ME UP WITH A JOB PLEASE
(10:18 / All) 1FallenNoob1: I NEED TO EAT
(11:45 / Allies) christhormann: gold?
(11:45 / Allies) christhormann: 100
(11:52 / Allies) christhormann: tx
(12:11 / Allies) christhormann: lets go
(12:48 / Allies) Treeofnodespair: atk bot
(12:48 / Allies) Treeofnodespair: hrury
(13:19 / Allies) christhormann: we need aa
(13:19 / Allies) christhormann: bad
(14:50 / Allies) christhormann: u guys have nothing
(14:51 / Allies) christhormann: wtf?
(16:48 / Allies) Treeofnodespair: upgrade units
(17:11 / Allies) Treeofnodespair: rdy
(17:12 / Allies) Treeofnodespair: lets go
(17:51 / All) Treeofnodespair: gg
(18:02 / All) 8============D: ?
(19:37 / Allies) DanielCormier: holy light my bm
(20:31 / All) 8============D: fuckin idiots
(20:38 / All) 8============D: bye wyrms
(20:49 / All) 8============D: we win
(20:50 / All) 8============D: lol
(21:57 / All) christhormann: LOL
(22:04 / All) Treeofnodespair: lol
(22:07 / All) DanielCormier: thats why u dont break 50 food
(22:08 / All) DanielCormier: idiots
(22:12 / All) christhormann: bye idiots we win
(22:16 / All) Treeofnodespair: like i said
(22:17 / All) SKYFiRE: you know blue was afk for the first 10 mins right
(22:18 / All) Treeofnodespair: gg